 Dungeon Crawl Stone Soup version 0.30.1 (webtiles) character file.

Game seed: 18201668655932234809

180 zzuzz the Magician (level 5, -9/38 HPs)
             Began as a Djinni Fire Elementalist on July 6, 2023.
             Mangled by a black bear (11 damage)
             ... on level 4 of the Dungeon.
             The game lasted 00:05:35 (4215 turns).

zzuzz the Magician (Djinni Fire Elementalist)       Turns: 4215, Time: 00:05:35

Health: -9/38      AC:  2    Str:  7    XL:     5   Next: 91%
Gold:   146        EV: 12    Int: 18    God:
                   SH:  0    Dex: 14

rFire   + + .        g - +1 dagger (protect)
rCold   x . .        (no shield)
rNeg    . . .        a - +0 robe
rPois   ∞            (no helmet)
rElec   .            (no cloak)
rCorr   .            (no gloves)
SInv    .            (boots unavailable)
Will    .....        (no amulet)
Stlth   ++           (no ring)
HPRegen 0.26/turn    (no ring)
MPRegen 0.00/turn

%: infuse magic (-10 HP)
@: flying, very slightly contaminated
A: sickness immunity, fire resistance 2, cold vulnerability 1, float, innate
caster, HP casting, extra vitality 1
a: no special abilities


You were on level 4 of the Dungeon.
You visited 1 branch of the dungeon, and saw 4 of its levels.

You collected 146 gold pieces.

Inventory:

Hand Weapons
 g - a +1 dagger of protection (weapon)
Armour
 a - a +0 robe (worn)
Jewellery
 f - a +4 ring of slaying
Wands
 k - a wand of flame (16)
Scrolls
 b - a scroll of torment {unknown}
 d - a scroll of enchant weapon {unknown}
 e - 5 scrolls of identify {unknown}
Potions
 c - 5 potions of curing {unknown}
 h - 3 potions of attraction {unknown}
 i - a potion of brilliance {unknown}
 j - a potion of haste {unknown}
 l - a potion of heal wounds {unknown}


   Skills:
 * Level 1.8 Fighting
 * Level 1.7 Armour
 - Level 2.1 Dodging
 - Level 1.5 Stealth
 + Level 3.8 Spellcasting
 * Level 1.5 Invocations


You knew the following spells:

 Your Spells              Type           Power      Damage    Failure   Level
a - Foxfire               Conj/Fire      68%        2x1d7     3%          1
b - Scorch                Fire           34%        2d6       4%          2
c - Volatile Blastmotes   Fire/Tloc      34%        2d12      10%         3
d - Inner Flame           Hex/Fire       17%        N/A       10%         3
e - Flame Wave            Conj/Fire      17%        2d7       30%         4
f - Slow                  Hex            68%        N/A       3%          1
g - Passwall              Tmut/Erth      14%        N/A       4%          2
Your spell library was empty.

Dungeon Overview and Level Annotations

Branches:
Dungeon (4/15)
 Temple: D:4-7

Altars:

Shops:
D:3 =


Innate Abilities, Weirdness & Mutations

You are immune to sickness and miasma.
You are immune to poison.
Your flesh is very heat resistant. (rF++)
You are vulnerable to cold. (rC-)
You float through the air rather than walking.
You learn spells naturally, not from books.
Your magical power is your life essence.
You have superior vitality. (+4 MHP)


Message History

The black bear misses you. The black bear closely misses you.
The black bear misses you.
Your foxfire dissipates!
The black bear attacks as you move away!
The black bear bites you. The black bear closely misses you.
The black bear claws you.
The cloud of blastmotes explodes!
The concussive blast engulfs the black bear!!
The black bear is severely wounded.
The concussive blast engulfs you. You resist.
You hear a shout!
Casting: Volatile Blastmotes (dangerous; 10% risk of failure)
Confirm with . or Enter, or press ? or * to list all spells.
You miscast Volatile Blastmotes.
You are very lightly contaminated with residual magic.
Nothing appears to happen.
The black bear goes berserk!
Casting: Volatile Blastmotes (dangerous; 10% risk of failure)
Confirm with . or Enter, or press ? or * to list all spells.
A cloud of volatile blastmotes flares up around you!
The black bear bites you.
The black bear claws you but does no damage.
The black bear misses you. The black bear closely misses you.
The black bear barely misses you. The black bear claws you.
The cloud of blastmotes explodes!
The concussive blast engulfs the black bear.
The black bear is severely wounded.
The concussive blast engulfs you. You resist.
You are knocked back by the blast.
Unknown command.
Casting: Volatile Blastmotes (dangerous; 10% risk of failure)
Confirm with . or Enter, or press ? or * to list all spells.
A cloud of volatile blastmotes flares up around you!
The black bear bites you.
* * * LOW HITPOINT WARNING * * *
The black bear claws you.
* * * LOW HITPOINT WARNING * * *
The black bear claws you.
* * * LOW HITPOINT WARNING * * *
The black bear attacks as you move away!
The black bear bites you!
You die...

### ##.######
#.......#
#.##.####.# #.
#.# ##.#########
#. #@#
#<.......... ..
#h# #..#########
#. #.# #..#
#.##.###..#
#..###§#.#.....#
#......###.......
.......##
##.####. .......
..# ####.## #


You could see a black bear (berserk).

Vanquished Creatures
  A scorpion (D:3)
  Terence (D:3)
  An orc wizard (D:3)
  An adder (D:3)
  A dart slug (D:2)
  3 orcs (D:3)
  6 endoplasms
  2 giant cockroaches (D:1)
  5 goblins
  3 hobgoblins
  6 jackals
  A kobold (D:2)
  2 quokkas
  6 ball pythons
  6 bats
  3 frilled lizards
  4 rats
52 creatures vanquished.

Vanquished Creatures (others)
  258 foxfires
258 creatures vanquished.

Grand Total: 310 creatures vanquished

Notes
Turn   | Place    | Note
-------+----------+-------------------------------------------
     0 | D:1      | zzuzz the Djinni Fire Elementalist began the quest for the
                  | Orb.
     0 | D:1      | zzuzz set off with the following spells memorised: Foxfire,
                  | Scorch, Volatile Blastmotes, Inner Flame, Flame Wave.
     0 | D:1      | Reached XP level 1. HP: 15/15 MP: 0/0
    75 | D:1      | Reached XP level 2. HP: 14/21 MP: 0/0
   887 | D:1      | Reached XP level 3. HP: 23/26 MP: 0/0
   887 | D:1      | Learned a level 1 spell: Slow
  1456 | D:2      | Reached skill level 1 in Fighting
  1511 | D:2      | Reached skill level 3 in Spellcasting
  1932 | D:2      | Found a faded altar of an unknown god.
  2018 | D:2      | Reached skill level 1 in Armour
  2059 | D:2      | Reached XP level 4. HP: 30/32 MP: 0/0
  2305 | D:3      | Reached skill level 1 in Invocations
  2476 | D:3      | Noticed Terence
  2494 | D:3      | Killed Terence
  2873 | D:3      | Found Tuzuepru's Jewellery Boutique.
  3030 | D:3      | Identified the +8 whip of Freehold {drain, Str+9}
  3356 | D:3      | Reached XP level 5. HP: 28/37 MP: 0/0
  3356 | D:3      | Learned a level 2 spell: Passwall
  4204 | D:4      | Noticed a black bear
  4215 | D:4      | Mangled by a black bear

Illustrated notes

Levels and vault maps discovered:
D:1:      psy_arrival_heroes, layout_rooms
D:2:      layout_rooms, nicolae_ecumenical_lake_church
D:3:      layout_loops_corners, serial_shops, nicolae_shop_waterfront,
          hangedman_decor_push, uniq_terence
D:4:      layout_loops_ring, minmay_temple_entry_waves, minmay_quantized

Skill      XL: |  1  2  3  4 |
---------------+-------------+-----
Fighting       | 1 |  1.8
Spellcasting   | 3 |  3.8
Armour         | 1 |  1.7
Invocations    | 1 |  1.5
Dodging        | |  2.1
Stealth        | |  1.5

Action                     |  1- 3 |  4- 6 || total
---------------------------+-------+-------++-------
   Cast: Foxfire           |   102 |    59 ||   161
         Volatile Blastmot |       |     5 ||     5
 Armour: Robe              |       |     3 ||     3
  Dodge: Dodged            |     1 |    17 ||    18
